 Dungeon Crawl Stone Soup version 0.29.1 (webtiles) character file.

Game seed: 3110735584723856202

1006 sanboga the Covered (level 8, -1/55 HPs)
             Began as a Gargoyle Fighter on Sept 13, 2022.
             Slain by an orc
             ... wielding a +2 vorpal hand axe
              (2 damage)
             ... on level 6 of the Dungeon.
             The game lasted 00:05:59 (4650 turns).

sanboga the Covered (Gargoyle Fighter)              Turns: 4650, Time: 00:05:59

Health: -1/55      AC: 21    Str: 21    XL:     8   Next: 20%
Magic:  17/17      EV:  6    Int: 10    God:
Gold:   288        SH:  5    Dex:  9    Spells: 7/7 levels left

rFire   . . .      SeeInvis +   a - +0 war axe
rCold   . . .      Faith    .   c - +0 buckler
rNeg    + . .      Spirit   .   f - +0 plate armour
rPois   ∞          Reflect  .   A - +0 helmet
rElec   +          Harm     .   (no cloak)
rCorr   .          Rampage  .   l - +1 pair of gloves
Will    .....                   (no boots)
Stlth   ..........              (no amulet)
HPRegen 0.18/turn               u - ring of magical power
MPRegen 0.15/turn               (no ring)

@: no status effects
A: sickness immunity, AC +5, negative energy resistance 1, electricity
resistance, torment resistance 1, petrification resistance, see invisible,
robust 1, inability to read after injury 1, MP-powered wands
a: no special abilities


You were on level 6 of the Dungeon.
You visited 1 branch of the dungeon, and saw 6 of its levels.

You collected 288 gold pieces.

Inventory:

Hand Weapons
 a - a +0 war axe (weapon)
Armour
 c - a +0 buckler (worn)
 f - a +0 plate armour (worn)
 l - a +1 pair of gloves (worn)
 A - a +0 helmet (worn)
Jewellery
 u - a ring of magical power (left hand)
Wands
 t - a wand of polymorph (8)
 y - a wand of mindburst (12)
Scrolls
 e - 3 scrolls of enchant weapon {unknown}
 h - 4 scrolls of identify
 m - a scroll of magic mapping
 p - a scroll of torment
 q - a scroll of enchant armour {unknown}
 r - a scroll of brand weapon {unknown}
 v - 4 scrolls of teleportation {unknown}
 w - a scroll of immolation
 x - 2 scrolls of poison {unknown}
Potions
 b - a potion of degeneration {unknown}
 i - a potion of cancellation {unknown}
 j - 4 potions of curing
 n - a potion of ambrosia {unknown}
 o - a potion of heal wounds {unknown}
 s - a potion of invisibility {unknown}
 z - a potion of attraction {unknown}


   Skills:
 + Level 5.5 Fighting
 * Level 5.6 Axes
 + Level 5.6 Armour
 + Level 5.5 Shields


You had 7 spell levels left.
You didn't know any spells.
Your spell library contained the following spells:

 Spells                   Type           Power      Damage    Failure   Level
 Shock                    Conj/Air       0%         1d3       100%        1
 Portal Projectile        Hex/Tloc       0%         N/A       100%        3
 Swiftness                Air            0%         N/A       100%        3
 Tukima's Dance           Hex            0%         N/A       100%        3
 Airstrike                Air            0%         2d(0-16)  100%        4
 Anguish                  Hex/Necr       0%         N/A       100%        4
 Blade Hands              Tmut           0%         N/A       100%        5
 Enfeeble                 Hex            0%         N/A       100%        7


Dungeon Overview and Level Annotations

Branches:
Dungeon (6/15)
 Temple: D:4-7

Altars:

Shops:
D:1 :   D:4 (

Annotations:
D:6 Gorgormcgor's ghost, novice OgGl


Innate Abilities, Weirdness & Mutations

You are immune to sickness and miasma.
Your stone body is resilient. (AC +5)
You are immune to poison.
You resist negative energy. (rN+)
You are resistant to electric shocks. (rElec)
You are resistant to unholy torment.
You are immune to petrification.
You have supernaturally acute eyesight. (SInv)
You are robust. (+10% HP)
You occasionally lose the ability to read scrolls when taking damage.
You expend magic power (3 MP) to strengthen your wands.


Message History

Your butterfly dies!
Your butterfly disappears in a burst of colours!
You hear a shout!
The orc misses your butterfly.
There is a shaft here.
The ufetubus hits your butterfly.
Your butterfly dies!
Your butterfly disappears in a burst of colours!
An orc priest comes into view. It is wielding a +0 morningstar.
The howler monkey hits you but does no damage.
You hit the howler monkey but do no damage.
You block the howler monkey's attack.
The ufetubus closely misses your butterfly. x2
The howler monkey hits you but does no damage.
You block Gorgormcgor's ghost's attack.
The orc hits you from afar with a +0 trident.
* * * LOW HITPOINT WARNING * * *
The howler monkey attacks as you move away!
The howler monkey barely misses you.
The howler monkey closely misses your butterfly.
Gorgormcgor's ghost barely misses your butterfly.
You swap places.
The orc hits you but does no damage.
The orc hits your butterfly with a +2 vorpal hand axe.
Your butterfly dies!
Your butterfly disappears in a burst of colours!
The orc misses your butterfly.
Gorgormcgor's ghost mumbles, "They all look like pillowcases to me..."
The orc attacks as you move away! The orc hits you but does no damage.
The orc hits your butterfly with a +2 vorpal hand axe.
Your butterfly dies!
Your butterfly disappears in a burst of colours!
A jelly comes into view.
Found 11 gold pieces.
The jelly quivers.
You feel better. The ufetubus hits you.
* * * LOW HITPOINT WARNING * * *
The ufetubus hits you but does no damage.
The orc hits you with a +2 vorpal hand axe.
* * * LOW HITPOINT WARNING * * *
You die...

,<,,,,,,,,,.........b......b.....
,,,,,,,,,,**.....................
,,,,,,,,,,**.................b...
,,,,,,,,,,****##...b...........b.
**,,,,,,,,##***#....b........##..
*,,,,,,,,,#..,*#..^..........##..
*,,,,,,*,*#...###.Wbb........##.#
*,,,,,,,,,#.....5ohoo..........5#
,,,,,,,,,,#.....@#########......,
,,****,,,,#J.....#****,,,,...,,,,
,,* *,,,,.........,,,,,,,,,,,,,,,
,****,**,##........,,,,,,,,,,,,,,
,,,,*,*,,...........,,,,,,,,,,,,,
***,*,*,*##..........,,,,,,,*,,,,
*<*,*,,..........$..,,,,,,*,,,,
*****,*,*####..........,,,,,***,,
,,,,,,*,,,,,,,,,,,,,,,,,,,,,* *,,


You could see a howler monkey, a jelly, an orc priest, Gorgormcgor's ghost (ally
target), 2 orcs and an ufetubus.

Vanquished Creatures
  Sigmund (D:4)
  Menkaure (D:4)
  2 black bears (D:5)
  3 scorpions
  A howler monkey (D:5)
  4 hounds (D:5)
  An iguana (D:6)
  2 orc wizards (D:6)
  6 adders
  A worm (D:3)
  3 dart slugs
  8 orcs
  5 ball pythons
  6 endoplasms
  2 giant cockroaches (D:1)
  7 goblins
  6 hobgoblins
  2 jackals (D:2)
  4 quokkas
  3 bats
  4 frilled lizards
  4 kobolds
  5 rats
81 creatures vanquished.

Vanquished Creatures (others)
  2 fungi (D:1)
  3 plants (D:1)
5 creatures vanquished.

Grand Total: 86 creatures vanquished

Notes
Turn   | Place    | Note
-------+----------+-------------------------------------------
     0 | D:1      | sanboga the Gargoyle Fighter began the quest for the Orb.
     0 | D:1      | Reached XP level 1. HP: 14/14 MP: 1/1
   104 | D:1      | Reached XP level 2. HP: 18/19 MP: 2/2
   430 | D:1      | Reached XP level 3. HP: 23/23 MP: 3/3
   602 | D:1      | Found Zaurph's Book Shoppe.
   933 | D:1      | Found a faded altar of an unknown god.
  1434 | D:2      | Reached XP level 4. HP: 28/29 MP: 4/4
  2360 | D:4      | Noticed Menkaure
  2370 | D:4      | Killed Menkaure
  2371 | D:4      | Reached XP level 5. HP: 9/33 MP: 5/5
  2787 | D:4      | Noticed Sigmund
  2807 | D:4      | Killed Sigmund
  2808 | D:4      | Reached XP level 6. HP: 29/39 MP: 6/6
  3198 | D:4      | Found Jeco's Weapon Shoppe.
  3526 | D:5      | Entered Level 5 of the Dungeon
  3544 | D:5      | Reached XP level 7. HP: 42/44 MP: 7/7
  3770 | D:5      | Reached skill level 5 in Fighting
  3770 | D:5      | Reached skill level 5 in Armour
  3770 | D:5      | Reached skill level 5 in Shields
  3787 | D:5      | Reached skill level 5 in Axes
  4478 | D:6      | Noticed a komodo dragon
  4518 | D:6      | Found a transporter.
  4522 | D:6      | Found a transporter.
  4522 | D:6      | Noticed Gorgormcgor's ghost (novice OgGl)
  4596 | D:6      | Reached XP level 8. HP: 50/50 MP: 8/8
  4623 | D:6      | Gained mutation: You occasionally lose the ability to read
                  | scrolls when taking damage. [potion of mutation]
  4623 | D:6      | Gained mutation: You are robust. (+10% HP) [potion of
                  | mutation]
  4623 | D:6      | Gained mutation: You have supernaturally acute eyesight.
                  | (SInv) [potion of mutation]
  4623 | D:6      | Gained mutation: You expend magic power (3 MP) to
                  | strengthen your wands. [potion of mutation]
  4629 | D:6      | HP: 2/55 [Gorgormcgor's ghost (2)]
  4646 | D:6      | HP: 2/55 [orc/+0 trident (3)]
  4650 | D:6      | Slain by an orc

Illustrated notes

Levels and vault maps discovered:
D:1:      psy_arrival_dodecagon, layout_loops_ring,
          shapermc_ecumenical_altar_petra, serial_shops, shop_statue,
          nicolae_concentric_dashed_squares_wild, feat_on_display
D:2:      layout_basic
D:3:      layout_loops_ring
D:4:      layout_loops_ring, serial_shops, nicolae_shop_hallway_stairs,
          uniq_menkaure, uniq_sigmund
D:5:      layout_cave_pools
D:6:      layout_basic, gammafunk_ghost_arena

Skill      XL: |  1  2  3  4  5  6  7 |
---------------+----------------------+-----
Axes           | 2 3 4 5 |  5.6
Fighting       | 4 5 |  5.5
Armour         | 4 5 |  5.6
Shields        | 4 5 |  5.5

Action                   |  1- 3 |  4- 6 |  7- 9 || total
-------------------------+-------+-------+-------++-------
Melee: War axe           |    95 |    99 |    85 ||   279
  Use: Potion            |       |     1 |     3 ||     4
       Scroll            |       |       |     5 ||     5
Armor: Scale mail        |    20 |       |       ||    20
       Plate armour      |    45 |    63 |   163 ||   271
Dodge: Dodged            |    18 |    21 |    47 ||    86
Block: Buckler           |    20 |    16 |    38 ||    74
